 Dungeon Crawl Stone Soup version 0.31-a0-702-gf82c85558f (webtiles) character file.

Game seed: 17059629609102832227

2430 Ofeo the Fighter (level 9, -3/76 HPs)
             Began as a Demonspawn Wanderer on Sept 8, 2023.
             Was a Believer of Wu Jian.
             Slain by an orc knight
             ... wielding a +0 halberd
              (14 damage)
             ... in a bailey.
             The game lasted 00:10:27 (7942 turns).

Ofeo the Fighter (Demonspawn Wanderer)              Turns: 7942, Time: 00:10:27

Health: -3/76      AC: 13    Str: 15    XL:     9   Next: 24%
Magic:  9/9        EV:  6    Int: 13    God:    Wu Jian [**....]
Gold:   361        SH:  0    Dex: 21    Spells: 8/8 levels left

rFire   . .          .
                       - Unarmed
rCold   . . .        (no shield)
rNeg    . . .        z - +0 plate armour
rPois   .            l - +0 helmet
rElec   .            j - +0 cloak
rCorr   +            (no gloves)
SInv    .            o - +0 pair of boots
Will    .....        (no amulet) Stlth
                     k - ring of resist corrosion
HPRegen 0.32/turn    u - +6 ring of dexterity
MPRegen 0.11/turn

%: no passive effects
@: exhausted
A: claws 1, demonic guardian 2, sturdy frame 2
a: Renounce Religion, Wall Jump


You were in a bailey.
You worshipped Wu Jian.
Wu Jian was pleased with you.
You visited 2 branches of the dungeon, and saw 8 of its levels.
You also visited: Ossuary and Bailey.

You collected 361 gold pieces.

Inventory:

Hand Weapons
 a - a +2 spear
 b - a +0 short sword
 d - a +0 dagger
Missiles
 c - 10 boomerangs (quivered)
Armour
 f - a +0 robe
 j - a +0 cloak (worn)
 l - a +0 helmet (worn)
 m - a +0 chain mail
 n - a +0 leather armour
 o - a +0 pair of boots (worn)
 z - a +0 plate armour (worn)
Jewellery
 k - a ring of resist corrosion (left claw)
 q - a ring of protection from cold
 u - a +6 ring of dexterity (right claw)
Scrolls
 e - 3 scrolls of fear
 g - a scroll of poison
 p - 2 scrolls of teleportation {@r3}
 y - a scroll of revelation
Potions
 h - 2 potions of heal wounds {@q2}
 r - a potion of magic {unknown}
 s - 2 potions of haste {@q3}
 t - a potion of attraction {unknown}
 v - a potion of mutation {unknown}
 w - 3 potions of lignification {unknown}
 x - a potion of brilliance {unknown}


   Skills:
 - Level 9.0 Fighting
 - Level 1.0 Short Blades
 - Level 4.5 Polearms
 - Level 1.0 Throwing
 - Level 1.0 Stealth
 + Level 8.1 Unarmed Combat


You had 8 spell levels left.
You didn't know any spells.
Your spell library contained the following spells:

 Spells                   Type           Power      Damage    Failure   Level
 Lesser Beckoning         Tloc           0%         N/A       100%        2
 Gell's Gravitas          Tloc           0%         N/A       100%        3
 Hailstorm                Conj/Ice       0%         3d3       100%        3
 Stone Arrow              Conj/Erth      0%         3d7       100%        3
 Teleport Other           Tloc           0%         N/A       100%        3
 Animate Armour           Summ/Erth      0%         N/A       100%        4
 Summon Ice Beast         Ice/Summ       0%         N/A       100%        4
 Dispersal                Tloc           0%         N/A       100%        6
 Simulacrum               Ice/Necr       0%         N/A       100%        6
 Lehudib's Crystal Spear  Conj/Erth      0%         10d2      100%        8


Dungeon Overview and Level Annotations

Branches:
Dungeon (7/15)             Temple (1/1) D:4         Ossuary (visited)
 Bailey (1/1)

Altars:
Ashenzari
Cheibriados
Fedhas
Gozag
Hepliaklqana
Kikubaaqudgha
Makhleb
Nemelex Xobeh
Okawaru
Qazlal
Ru
Trog
Vehumet
Wu Jian
Xom
Yredelemnul

Shops:
D:6 (*


Innate Abilities, Weirdness & Mutations

You have sharp fingernails.
A demonic guardian rushes to your aid.
Your movements are less encumbered by armour. (ER -4)


Message History

The orc knight hits you with a +0 halberd!
You take 7 damage, and have 41/76 hp.
You scratch the orc knight.
The orc knight is moderately wounded.
The orc knight hits you with a +0 halberd!
You take 14 damage, and have 27/76 hp.
You scratch the orc knight but do no damage.
The orc knight is moderately wounded.
The orc knight hits you but does no damage.
You spin and attack the orc knight.
You scratch the orc knight but do no damage.
You claw the orc knight, but do no damage.
The orc knight is moderately wounded.
The orc knight splashes around in the water.
Your muscles tense, ready for explosive movement...
You can no longer move at supernatural speeds.
Aiming: Wall Jump
Press: ? - help, Dir - move target You repeatedly attack the orc knight from above, with incredible momentum.
You claw the orc knight!
The orc knight is heavily wounded.
You scratch the orc knight but do no damage.
The orc knight is heavily wounded.
Your supernatural speed expires.
You scratch the orc knight.
The orc knight is heavily wounded.
The orc knight barely misses you.
You scratch the orc knight but do no damage.
The orc knight is heavily wounded.
The orc knight hits you with a +0 halberd!
* * * LOW HITPOINT WARNING * * *
A demonic guardian appears!
You take 14 damage, and have 14/76 hp.
You scratch the orc knight but do no damage.
The orc knight is heavily wounded.
The orc knight hits you with a +0 halberd.
* * * LOW HITPOINT WARNING * * *
You take 3 damage, and have 11/76 hp.
The orc knight hits you from afar with a +0 halberd!
You die...

##..~~..##########
##..~~..........#
∩.##..~~o~~~~~~~.#
...##......)...~.#
+###'#########.~.#
... ##.~.# ≈≈≈≈.
##..~.# ...§≈
##..~~.# ∩⌠§o§
#..~~4@# ⌠o..≈
#..~~.## ...≈≈
##..o~.# ##..~.#
#.....##)~.#
###### #.~.#
........~.#
~~~~~~~~~.#
..........#


You could see an orc knight (ally target) and a friendly ice devil (summoned).

Vanquished Creatures
  Grinder (D:6)
  A water moccasin (D:6)
  2 ice beasts
  2 orc warriors (Bailey)
  A black bear (D:7)
  3 ogres
  2 centaurs
  An elf zombie (Ossuary)
  2 bullfrogs
  A gnoll sergeant (D:6)
  3 scorpions
  2 centaur zombies (Ossuary)
  2 hounds
  A jelly (D:6)
  A human zombie (Ossuary)
  2 iguanas
  An orc wizard (D:5)
  A hound zombie (Ossuary)
  4 mummies
  6 gnolls (D:6)
  3 adders
  A shadow imp (D:5)
  3 adder zombies (Ossuary)
  2 worms
  A dart slug (D:1)
  18 orcs
  8 bats
  3 endoplasms
  5 giant cockroaches
  14 goblins
  6 hobgoblins
  7 jackals
  4 quokkas
  5 ball pythons
  5 frilled lizards
  4 goblin zombies (Ossuary)
  11 hobgoblin zombies
  A jackal zombie (Ossuary)
  14 kobolds
  4 kobold zombies (Ossuary)
  3 orc zombies (Ossuary)
  2 quokka zombies (Ossuary)
  2 rats
  2 rat zombies (Ossuary)
167 creatures vanquished.

Vanquished Creatures (collateral kills)
  A black bear (D:3)
  An elf zombie (Ossuary)
  A kobold brigand (D:6)
  An iguana (D:5)
  A gnoll (D:6)
  An adder (D:5)
  An ufetubus (D:5)
  A kobold (D:6)
8 creatures vanquished.

Grand Total: 175 creatures vanquished

Notes
Turn   | Place    | Note
-------+----------+-------------------------------------------
     0 | D:1      | Ofeo the Demonspawn Wanderer began the quest for the Orb.
     0 | D:1      | Ofeo set off with the following items: a +2 spear, a +0
                  | short sword, 7 boomerangs, a +0 dagger, a scroll of fear, a
                  | +0 robe.
     0 | D:1      | Reached XP level 1. HP: 16/16 MP: 1/1
   216 | D:1      | Gained mutation: Your movements are slightly less
                  | encumbered by armour. (ER -2) [demonic ancestry]
   216 | D:1      | Reached XP level 2. HP: 23/23 MP: 2/2
   308 | D:1      | Reached skill level 3 in Fighting
   684 | D:1      | Gained mutation: You have sharp fingernails. [demonic
                  | ancestry]
   684 | D:1      | Reached XP level 3. HP: 29/29 MP: 3/3
  1179 | D:2      | Reached skill level 1 in Unarmed Combat
  1718 | D:3      | Found a hazy altar of Hepliaklqana.
  1730 | D:3      | Gained mutation: A weak demonic guardian rushes to your
                  | aid. [demonic ancestry]
  1730 | D:3      | Reached XP level 4. HP: 37/37 MP: 4/4
  1888 | D:3      | Noticed a black bear
  1899 | D:3      | Killed a black bear
  1900 | D:3      | Reached skill level 4 in Fighting
  1900 | D:3      | Reached XP level 5. HP: 36/43 MP: 5/5
  2948 | D:4      | Found a staircase to the Ecumenical Temple.
  2962 | Temple   | Entered the Ecumenical Temple
  2978 | Temple   | Became a worshipper of the Wu Jian Council
  3580 | D:5      | Entered Level 5 of the Dungeon
  3614 | D:5      | Noticed an ogre
  3792 | D:5      | Reached skill level 5 in Fighting
  3792 | D:5      | Reached XP level 6. HP: 29/51 MP: 6/6
  3927 | D:6      | Noticed a water moccasin
  3945 | D:6      | Killed a water moccasin
  4003 | D:6      | Gained mutation: A demonic guardian rushes to your aid.
                  | [demonic ancestry]
  4003 | D:6      | Reached XP level 7. HP: 13/57 MP: 7/7
  4005 | D:6      | Found a sand-covered staircase.
  4131 | Ossuary  | Entered an ossuary
  4235 | Ossuary  | Reached skill level 6 in Fighting
  4330 | Ossuary  | Reached * piety under Wu Jian
  4640 | Ossuary  | Reached skill level 5 in Unarmed Combat
  4746 | D:6      | Noticed Grinder
  4802 | D:6      | HP: 2/59 [kobold brigand/+2 whip of venom (5)]
  4804 | D:6      | Reached ** piety under Wu Jian
  4807 | D:6      | Reached skill level 7 in Fighting
  5150 | D:5      | Reached XP level 8. HP: 40/67 MP: 8/8
  5869 | D:5      | Reached skill level 8 in Fighting
  6164 | D:6      | Found Eromnoc's Fire Supplies.
  6213 | D:6      | Killed Grinder
  6439 | D:6      | Found Ucvi's Antique Weapon Shop.
  6549 | D:6      | Identified the +11 rapier of Slow Death {pain, rCorr Str+3}
  7017 | D:6      | Gained mutation: Your movements are less encumbered by
                  | armour. (ER -4) [demonic ancestry]
  7017 | D:6      | Reached XP level 9. HP: 65/75 MP: 9/9
  7472 | D:7      | Reached skill level 9 in Fighting
  7493 | D:7      | Found a flagged portal.
  7518 | Bailey   | Entered a bailey
  7674 | Bailey   | Noticed an orc knight
  7704 | Bailey   | Reached *** piety under Wu Jian
  7942 | Bailey   | Slain by an orc knight

Illustrated notes

Levels and vault maps discovered:
D:1:      dpeg_arrival_radiant, layout_rooms
D:2:      layout_rooms
D:3:      layout_basic, mainiacjoe_overflow_catwalk_spiral
D:4:      layout_loops_corners, minmay_temple_entry_ruins
D:5:      layout_loops_cross, st_stairs_7
D:6:      layout_loops_corners, serial_shops, shop, nicolae_ossuary_entry_giza,
          nicolae_shop_fire_sale [nicolae_sub_dead_trees], uniq_grinder
D:7:      layout_basic, gammafunk_temple_overflow_elements, enter_bailey_3,
          grunt_ministairs_3, grunt_decor_mini_mirrors, serial_bayou_ford_a
Temple:   lightli_temple_of_artemis
Bailey:   bailey_polearm_1, bailey

Skill      XL: |  1  2  3  4  5  6  7  8  9 |
---------------+----------------------------+-----
Fighting       | 3 4 5 7 8 9 |  9.0
Unarmed Combat | 1 2 3 4 5 7 8 |  8.1
Short Blades   | |  1.0
Polearms       | |  4.5
Throwing       | |  1.0
Stealth        | |  1.0

Action                     |  1- 3 |  4- 6 |  7- 9 || total
---------------------------+-------+-------+-------++-------
  Melee: Spear             |   145 |   139 |     9 ||   293
         Punch             |     1 |     2 |    15 ||    18
         Unarmed           |       |       |   399 ||   399
  Throw: Boomerang         |       |     4 |     1 ||     5
 Invoke: Serpent's Lash    |       |       |     1 ||     1
Ability: Lunge             |       |     2 |    38 ||    40
         Whirlwind         |       |       |    21 ||    21
         Wall Jump         |       |       |     1 ||     1
    Use: Potion            |       |     4 |     2 ||     6
         Scroll            |       |       |    10 ||    10
   Stab: Sleeping          |     6 |     4 |     8 ||    18
         Distracted        |       |     4 |       ||     4
 Armour: Robe              |    31 |       |       ||    31
         Leather armour    |     4 |    99 |   177 ||   280
         Chain mail        |       |       |   105 ||   105
         Plate armour      |       |       |    14 ||    14
  Dodge: Dodged            |    54 |    65 |   167 ||   286

Table legend: (Time is in decaauts)
 A = Elapsed time spent in this place.
 B = Non-inter-level travel time spent in this place.
 C = Inter-level travel time spent in this place.
 D = Time resting spent in this place.
 E = Time spent auto-exploring this place.
 F = Levels seen in this place.
 G = Mean time per level.
                   A        B        C        D        E       F      G
               +--------+--------+--------+--------+--------+-----+--------+
         Total |   7882 |   7599 |    283 |    876 |   5207 |  10 |  788.2 |
       Dungeon |   6824 |   6554 |    270 |    450 |   5058 |   7 |  974.9 |
        Temple |     30 |     17 |     13 |      0 |      0 |   1 |   30.0 |
       Ossuary |    595 |    595 |      0 |    185 |    111 |   1 |  595.0 |
        Bailey |    431 |    431 |      0 |    241 |     38 |   1 |  431.0 |
               +--------+--------+--------+--------+--------+-----+--------+

Top non-repeatable levels by time:
     D:6: 1779 daAuts
     D:5: 1408 daAuts
     D:3: 1147 daAuts
     D:4: 1042 daAuts
     D:1: 776 daAuts
     D:2: 608 daAuts
 Ossuary: 595 daAuts
  Bailey: 431 daAuts
     D:7: 62 daAuts
  Temple: 30 daAuts
